 Dungeon Crawl Stone Soup version 0.27-a0-334-g52645efa06 (webtiles) character file.

Game seed: 650505266121224153

9996 Notrik the Carver (level 11, -1/101 HPs)
             Began as a Hill Orc Fighter on Feb 13, 2021.
             Was an Elder of the Shining One.
             Killed from afar by an electric eel (8 damage)
             ... with a bolt of electricity
             ... on level 10 of the Dungeon.
             The game lasted 00:18:39 (11288 turns).

Notrik the Carver (Hill Orc Fighter)               Turns: 11288, Time: 00:18:40

Health: -1/101     AC: 17    Str: 23    XL:     11   Next: 55%
Magic:  11/11      EV:  6    Int:  8    God:    the Shining One [****..]
Gold:   657        SH: 11    Dex: 13    Spells: 10/10 levels left

rFire    . . .     SeeInvis .   L - +4 war axe (vorpal)
rCold    + + .     Faith    .   c - +0 kite shield
rNeg     + + +     Spirit   .   x - +0 plate armour
rPois    +         Reflect  .   e - +0 helmet
rElec    .         Harm     .   w - +0 cloak
rCorr    .         Rampage  .   (no gloves)
Will     .....                  (no boots)
Stlth    ..........             G - amulet of Iriow {Acrobat rPois rC++ Dex+3 Slay-6}
HPRegen  0.26/turn              H - ring of positive energy
MPRegen  0.12/turn              (no ring)

@: glowing
A: no striking features
a: Renounce Religion, Divine Shield, Cleansing Flame


You were on level 10 of the Dungeon.
You worshipped the Shining One.
The Shining One was greatly pleased with you.
You visited 1 branch of the dungeon, and saw 10 of its levels.
You also visited: Ossuary.

You collected 657 gold pieces.

Inventory:

Hand Weapons
 a - a +1 war axe
 p - the +8 falchion of Tuloi {flame, Str+7}
   (You found it on level 4 of the Dungeon)

   It has been specially enchanted to burn those struck by it, causing extra
   injury to most foes and up to half again as much damage against particularly
   susceptible opponents.
   Big, fiery blades are also staple armaments of hydra-hunters.
   It affects your strength (+7).
 K - the +0 trident "Asuf" {speed, Str+5}
   (You found it on level 9 of the Dungeon)

   Attacks with this weapon are significantly faster.
   It affects your strength (+5).
 L - a +4 vorpal war axe (weapon)
Armour
 c - a +0 kite shield (worn)
 e - a +0 helmet (worn)
 w - a +0 cloak (worn)
 x - a +0 plate armour (worn)
Jewellery
 h - a ring of ice
 l - an amulet of magic regeneration
 G - the amulet of Iriow (around neck) {Acrobat rPois rC++ Dex+3 Slay-6}
   (You found it on level 8 of the Dungeon)

   [amulet of the acrobat]

   It helps you evade while moving and waiting.
   It affects your dexterity (+3).
   It affects your accuracy and damage with ranged weapons and melee attacks
   (-6).
   It greatly protects you from cold.
   It protects you from poison.
 H - a ring of positive energy (left hand)
Wands
 D - a wand of mindburst (20)
 E - a wand of flame (9)
 I - a wand of acid (8)
 M - a wand of polymorph (8)
Scrolls
 b - a scroll of magic mapping {unknown}
 f - 2 scrolls of amnesia {unknown}
 g - 9 scrolls of identify
 i - 2 scrolls of fog {unknown}
 j - a scroll of noise
 m - 5 scrolls of blinking
 s - 7 scrolls of teleportation {unknown}
 v - 2 scrolls of enchant armour {unknown}
 y - a scroll of fear {unknown}
 C - a scroll of immolation {unknown}
 J - a scroll of random uselessness {unknown}
Potions
 d - 2 potions of might
 k - 6 potions of heal wounds {unknown}
 n - a potion of degeneration {unknown}
 o - 2 potions of invisibility {unknown}
 q - a potion of magic {unknown}
 r - 2 potions of curing
 t - a potion of brilliance {unknown}
 u - a potion of flight {unknown}
 z - a potion of lignification {unknown}
 A - 2 potions of mutation {unknown}
 B - a potion of resistance {unknown}
 F - a potion of haste {unknown}


   Skills:
 * Level 10.3 Fighting
 + Level 10.4 Long Blades
 + Level 8.4 Axes
 - Level 9.5 Armour
 - Level 2.3 Dodging
 + Level 1.6 Stealth
 - Level 8.0 Shields
 - Level 0.1 Invocations


You had 10 spell levels left.
You didn't know any spells.
Your spell library contained the following spells:

 Spells                   Type           Power        Failure   Level
 Animate Skeleton         Necr           0%           100%        1
 Apportation              Tloc           0%           100%        1
 Corona                   Hex            0%           100%        1
 Foxfire                  Conj/Fire      0%           100%        1
 Freeze                   Ice            0%           100%        1
 Summon Small Mammal      Summ           0%           100%        1
 Hailstorm                Conj/Ice       0%           100%        4
 Iron Shot                Conj/Erth      0%           100%        6
 Ozocubu's Refrigeration  Ice            0%           100%        7


Dungeon Overview and Level Annotations

Branches:
Dungeon (10/15)            Temple (0/1) D:7             Orc (0/2) D:9
Ossuary (visited)
   Lair: D:8-11

Altars:
Dithmenos
Fedhas
Hepliaklqana
Ru
Vehumet
Zin
The Shining One

Annotations:
D:9 1 runed translucent door


Message History

The polar bear claws you but does no damage. x2
The electric eel shoots out a bolt of lightning at you!
The bolt of electricity hits you! You block the polar bear's attack. x3
Your shield and plate armour prevent you from hitting the polar bear.
The polar bear is almost dead.
You slash the electric eel! You block the polar bear's attack. x2
The polar bear barely misses you.
The electric eel shoots out a bolt of lightning at you!
The bolt of electricity hits you. The polar bear bites you!
The polar bear claws you but does no damage.
The polar bear barely misses you.
You hit the polar bear but do no damage.
The polar bear is almost dead.
You barely miss the electric eel.
The polar bear bites you but does no damage.
The polar bear claws you but does no damage.
You block the polar bear's attack. The polar bear bites you!!
* * * LOW HITPOINT WARNING * * *
The polar bear claws you but does no damage.
The polar bear claws you.
* * * LOW HITPOINT WARNING * * *
You slash the polar bear!
You kill the polar bear!
You closely miss the electric eel.
The electric eel shoots out a bolt of lightning at you!
The bolt of electricity misses you.
You see here a polar bear corpse.
You hit the electric eel.
The electric eel is almost dead.
The electric eel shoots out a bolt of lightning at you!
The bolt of electricity hits you!
* * * LOW HITPOINT WARNING * * *
You barely miss the electric eel.
The electric eel is almost dead.
The electric eel shoots out a bolt of lightning at you!
The bolt of electricity hits you!
* * * LOW HITPOINT WARNING * * *
The electric eel shoots out a bolt of lightning at you!
The bolt of electricity hits you!
You die...

.. ... #...†.....
...######....#...###...
..≈≈≈≈≈.....#...# ##..
.≈≈≈≈≈.....#...# #..
Z≈≈≈≈.....#...# ###
#≈≈≈.....##...######
#≈≈≈.....#.......... #..
#≈≈≈.....#.......... #..
#;@.....#.......... #..
#.)†.####...#######
##..#####..?.#......#..<..#
###...#...#....#......#.....#
##..............#......'....['
......#.........#......#....[#
... #.....#.....########.....#
....#...#.#......(. ........[.
....##.#..#........ .######...


You could see an electric eel and a howler monkey simulacrum.

Vanquished Creatures
  Harold (D:7)
  2 two-headed ogres
  An unseen horror (D:10)
  An ugly thing (D:8)
  A polar bear (D:10)
  A troll (D:10)
  Prince Ribbit (D:5)
  Grinder (D:5)
  5 yaks
  A wraith (D:10)
  Duvessa (D:5)
  5 orc warriors
  2 sky beasts
  An ice beast (D:10)
  A necrophage (D:7)
  8 ogres
  2 centaurs
  A phantom (D:9)
  2 kobold brigands
  3 elf zombies (Ossuary)
  2 bullfrogs
  Dowan (D:5)
  4 scorpions
  A water moccasin skeleton (D:8)
  2 wights (D:8)
  24 killer bees
  The ghost of iamserjio the Sneak, a weakling OpDe (D:6)
  10 centaur zombies
  A bullfrog zombie (D:8)
  6 jellies
  3 orc priests
  A human zombie (Ossuary)
  A bullfrog skeleton (D:4)
  6 hounds
  2 centaur skeletons
  3 orc wizards
  10 worker ants
  2 hound zombies
  4 mummies
  8 gnolls
  A worker ant zombie (D:7)
  9 adders
  2 shadow imps
  4 white imps
  4 ufetubi
  An ooze (D:4)
  An adder skeleton (D:7)
  2 worms
  2 dart slugs (D:1)
  6 leopard geckos
  15 orcs
  3 bats
  3 giant cockroaches
  6 goblins
  7 hobgoblins (D:1)
  7 jackals
  20 kobolds
  A quokka (D:3)
  A frilled lizard (D:5)
  A jackal skeleton (D:5)
  A leopard gecko zombie (D:8)
  3 quokka skeletons
  8 rats
241 creatures vanquished.

Notes
Turn   | Place    | Note
-------+----------+-------------------------------------------
     0 | D:1      | Notrik the Hill Orc Fighter began the quest for the Orb.
     0 | D:1      | Reached XP level 1. HP: 19/19 MP: 1/1
   161 | D:1      | Reached XP level 2. HP: 11/27 MP: 2/2
   640 | D:1      | Reached XP level 3. HP: 28/33 MP: 3/3
  1446 | D:3      | Reached XP level 4. HP: 40/40 MP: 4/4
  1717 | D:4      | Got a shimmering falchion
  1718 | D:4      | Identified the +8 falchion of Tuloi {flame, Str+7} (You
                  | found it on level 4 of the Dungeon)
  1851 | D:4      | Found a glowing golden altar of the Shining One.
  1860 | D:4      | Reached XP level 5. HP: 46/46 MP: 5/5
  1880 | D:4      | Reached skill level 5 in Axes
  2158 | D:4      | Reached XP level 6. HP: 52/52 MP: 6/6
  2241 | D:4      | Found a glowing silver altar of Zin.
  2462 | D:4      | Became a worshipper of the Shining One
  2485 | D:5      | Entered Level 5 of the Dungeon
  2556 | D:5      | Found a blossoming altar of Fedhas.
  2565 | D:5      | Reached skill level 1 in Long Blades
  2565 | D:5      | Reached skill level 5 in Armour
  2627 | D:5      | Noticed Duvessa
  2627 | D:5      | Noticed Dowan
  2633 | D:5      | Killed Duvessa
  2634 | D:5      | Reached skill level 1 in Dodging
  2634 | D:5      | Reached XP level 7. HP: 39/60 MP: 7/7
  2647 | D:5      | Killed Dowan
  2834 | D:5      | Found a sand-covered staircase.
  2842 | Ossuary  | Entered an ossuary
  2966 | Ossuary  | Reached * piety under the Shining One
  3095 | Ossuary  | Reached XP level 8. HP: 56/67 MP: 8/8
  3206 | Ossuary  | Reached skill level 5 in Long Blades
  3208 | Ossuary  | Reached skill level 5 in Shields
  3456 | D:5      | Noticed Grinder
  3459 | D:5      | Paralysed by Grinder for 6 turns
  3469 | D:5      | Killed Grinder
  3469 | D:5      | Reached ** piety under the Shining One
  3470 | D:5      | Reached skill level 5 in Fighting
  3499 | D:5      | Noticed Prince Ribbit
  3505 | D:5      | Killed Prince Ribbit
  3753 | D:5      | Reached XP level 9. HP: 34/75 MP: 9/9
  4110 | D:5      | Found a hazy altar of Hepliaklqana.
  4179 | D:5      | Found a shadowy altar of Dithmenos.
  4800 | D:6      | Found a transporter.
  4803 | D:6      | Noticed iamserjio's ghost (weakling OpDe)
  4806 | D:6      | Found a transporter.
  4886 | D:6      | Killed iamserjio's ghost
  5224 | D:7      | Found a radiant altar of Vehumet.
  5305 | D:6      | HP: 3/78 [killer bee (3)]
  5307 | D:6      | HP: 1/78 [poisoned by a killer bee]
  6091 | D:7      | Noticed Harold
  6107 | D:7      | Killed Harold
  6108 | D:7      | Reached XP level 10. HP: 59/88 MP: 10/10
  6333 | D:7      | Found a sacrificial altar of Ru.
  6375 | D:7      | Found a staircase to the Ecumenical Temple.
  6678 | D:8      | Reached *** piety under the Shining One
  6719 | D:8      | Reached skill level 1 in Stealth
  6752 | D:8      | Noticed a two-headed ogre
  7088 | D:8      | Killed a two-headed ogre
  7565 | D:8      | Noticed a red ugly thing
  7572 | D:8      | Killed a red ugly thing
  7723 | D:8      | Got a bound pewter amulet
  7737 | D:8      | Identified the amulet of Iriow {Acrobat rPois rC++ Dex+3
                  | Slay-6} (You found it on level 8 of the Dungeon)
  7894 | D:8      | Identified Dige's Guide on the Hurtful Frostbite
  8341 | D:9      | Noticed a sixfirhy
  8375 | D:9      | Found a runed translucent door.
  8459 | D:9      | Reached **** piety under the Shining One
  8523 | D:9      | Reached skill level 10 in Long Blades
  8593 | D:9      | Got a smoking trident
  8631 | D:9      | Found a staircase to the Orcish Mines.
  8664 | D:9      | Reached XP level 11. HP: 35/95 MP: 11/11
  8928 | D:9      | Identified the +0 trident "Asuf" {speed, Str+5} (You found
                  | it on level 9 of the Dungeon)
  9545 | D:10     | Entered Level 10 of the Dungeon
 10037 | D:10     | Noticed an unseen horror
 10052 | D:10     | Killed an unseen horror
 10077 | D:10     | Noticed a two-headed ogre
 10091 | D:10     | HP: 4/97 [two-headed ogre/+0 giant club (4)]
 10092 | D:10     | Killed a two-headed ogre
 10584 | D:10     | Reached skill level 10 in Fighting
 11288 | D:10     | Killed from afar by an electric eel

Illustrated notes

Levels and vault maps discovered:
D:1:      dpeg_arrival_boxorama, layout_basic, minmay_pentomino_p4
D:2:      layout_rooms, minmay_misc_feat_plants
D:3:      layout_basic, minmay_cut_off
D:4:      layout_gridville, nicolae_overflow_crystal_walls, lemuel_round_altar
D:5:      layout_cave_pools, grunt_dithmenos_shadows,
          nzn_hepliaklqana_mist_gate, gup_ossuary_entry_pyramid,
          grunt_ministairs_11, fedhas_bush_and_centaur_altar, uniq_duvessa,
          uniq_grinder, uniq_prince_ribbit1
D:6:      layout_basic, gammafunk_ghost_smash, kennysheep_decorative_pillar,
          minmay_liquid_box
D:7:      layout_cave_pools, marbit_many_paths, vehumet_altar_wand_db,
          minmay_temple_entry_enclosed_plants, chequers_jeans, uniq_harold
D:8:      minmay_tri_box, layout_basic, dk_noncrumbling_2, grunt_ministairs_7
D:9:      cheibrodos_shockbox, layout_loops_ring, david_orc_3,
          statue_in_the_mist_lemuel
D:10:     layout_irregular_city, serial_ice, serial_ice_g, serial_ice_f,
          serial_ice_l, serial_ice_h, kennysheep_generic_room_14

Skill      XL: |  1  2  3  4  5  6  7  8  9 10 11 |
---------------+----------------------------------+-----
Axes           | 3 4 5 8 |  8.4
Fighting       | 4 5 7 8 10 | 10.3
Shields        | 4 5 6 8 |  8.0
Armour         | 4 5 6 8 9 |  9.5
Long Blades    | 2 4 7 8 10 | 10.4
Dodging        | 1 2 |  2.3
Stealth        | 1 |  1.6
Invocations    | |  0.1

Action                   |  1- 3 |  4- 6 |  7- 9 | 10-12 || total
-------------------------+-------+-------+-------+-------++-------
Melee: War axe           |    93 |     1 |       |   188 ||   282
       Falchion          |       |    46 |   201 |   205 ||   452
Invok: Divine Shield     |       |       |       |     1 ||     1
  Use: Scroll            |     2 |     3 |       |     8 ||    13
       Potion            |       |       |     2 |     1 ||     3
Armor: Scale mail        |    61 |    14 |    30 |       ||   105
       Plate armour      |       |       |    73 |   193 ||   266
Dodge: Dodged            |    37 |    16 |    65 |   117 ||   235
Block: Kite shield       |    52 |    31 |   130 |   284 ||   497
       Rpst.: Falchion   |       |     4 |    22 |    12 ||    38

Table legend: (Time is in decaauts)
 A = Elapsed time spent in this place.
 B = Non-inter-level travel time spent in this place.
 C = Inter-level travel time spent in this place.
 D = Time resting spent in this place.
 E = Time spent auto-exploring this place.
 F = Levels seen in this place.
 G = Mean time per level.
                   A        B        C        D        E       F      G
               +--------+--------+--------+--------+--------+-----+--------+
         Total |  11457 |  11063 |    394 |   2789 |   6462 |  11 | 1041.5 |
       Dungeon |  11054 |  10660 |    394 |   2789 |   6153 |  10 | 1105.4 |
       Ossuary |    402 |    402 |      0 |      0 |    309 |   1 |  402.0 |
               +--------+--------+--------+--------+--------+-----+--------+

Top non-repeatable levels by time:
     D:9: 1841 daAuts
     D:8: 1513 daAuts
     D:5: 1383 daAuts
     D:6: 1321 daAuts
    D:10: 1263 daAuts
     D:7: 1175 daAuts
     D:1: 1115 daAuts
     D:4: 791 daAuts
 Ossuary: 402 daAuts
     D:3: 335 daAuts
     D:2: 312 daAuts
